SNL (28 & UNDER)
MEMPHIS BLUES @ KEY WEST BARRACUDAS
09/13/2028
 
TOP OF THE 1ST
Memphis Blues batting - Pitching for Key West Barracudas : RHP Kade Coleman
Pitching: RHP Kade Coleman
Batting: SHB Terry Dailey 0-0: Ball
1-0: Swinging Strike
1-1: Called Strike
1-2: Ball
2-2: Strikes out looking
Batting: RHB Dennis Mays 0-0: Called Strike
0-1: Ball
1-1: Called Strike
1-2: Ground out 6-3 (Groundball, 6)
Batting: LHB Weston Chaney 0-0: Ball
1-0: Foul Ball, location: 2F
1-1: Ball
2-1: Foul Ball, location: 2F
2-2: Foul Ball, location: 2F
2-2: Foul Ball, location: 2F
2-2: Ball
3-2: Base on Balls
Batting: RHB Peter Bishop 0-0: Ball
1-0: Called Strike
1-1: Ball
2-1: Foul Ball, location: 2F
2-2: Strikes out swinging
Top of the 1st over - 0 run(s), 0 hit(s), 0 error(s), 1 left on base; Memphis 0 - Key West 0
BOTTOM OF THE 1ST
Key West Barracudas batting - Pitching for Memphis Blues : LHP Ed Miller
Pitching: LHP Ed Miller
Batting: SHB Luis Manuel López 0-0: Ball
1-0: Ground out 5-3 (Groundball, 5L)
Batting: LHB Víctor Acevedo 0-0: Ball
1-0: Called Strike
1-1: Fly out, F2 (Popup, 15S)
Batting: RHB Frederick Chamberlain 0-0: Called Strike
0-1: Called Strike
0-2: Strikes out swinging
Bottom of the 1st over - 0 run(s), 0 hit(s), 0 error(s), 0 left on base; Memphis 0 - Key West 0
TOP OF THE 2ND
Memphis Blues batting - Pitching for Key West Barracudas : RHP Kade Coleman
Batting: LHB Brenton Carter 0-0: Ball
1-0: Swinging Strike
1-1: Fly out, F7 (Flyball, 78M)
Batting: LHB Nick Gamble 0-0: Called Strike
0-1: Foul Ball, location: 2F
0-2: Ground out U3 (Groundball, 34)
Batting: RHB Leopoldo Horgan 0-0: Swinging Strike
0-1: Ball
1-1: Ball
2-1: Foul Ball, location: 2F
2-2: Strikes out looking
Top of the 2nd over - 0 run(s), 0 hit(s), 0 error(s), 0 left on base; Memphis 0 - Key West 0
BOTTOM OF THE 2ND
Key West Barracudas batting - Pitching for Memphis Blues : LHP Ed Miller
Batting: SHB Héctor Jiménez 0-0: Ball
1-0: Ground out 5-3 (Groundball, 56)
Batting: RHB Ramón Díaz 0-0: Foul Ball, location: 2F
0-1: Foul Ball, location: 2F
0-2: Ball
1-2: Foul Ball, location: 2F
1-2: Strikes out swinging
Batting: SHB Jacob Knapp 0-0: Ball
1-0: Called Strike
1-1: Ball
2-1: Ball
3-1: Base on Balls
Batting: SHB Dan Dunn 0-0: Called Strike
0-1: Ground out 5-3 (Groundball, 56)
Bottom of the 2nd over - 0 run(s), 0 hit(s), 0 error(s), 1 left on base; Memphis 0 - Key West 0
TOP OF THE 3RD
Memphis Blues batting - Pitching for Key West Barracudas : RHP Kade Coleman
Batting: SHB José Velásquez 0-0: Ball
1-0: Called Strike
1-1: Ball
2-1: Swinging Strike
2-2: Foul Ball, location: 2F
2-2: Ground out 3-1 (Groundball, 34S)
Batting: RHB Ángel Hernández 0-0: Called Strike
0-1: Foul Ball, location: 2F
0-2: Foul Ball, location: 2F
0-2: Strikes out swinging
Batting: SHB Terry Dailey 0-0: Ball
1-0: Ball
2-0: Ball
3-0: Called Strike
3-1: Foul Ball, location: 2F
3-2: Strikes out looking
Top of the 3rd over - 0 run(s), 0 hit(s), 0 error(s), 0 left on base; Memphis 0 - Key West 0
BOTTOM OF THE 3RD
Key West Barracudas batting - Pitching for Memphis Blues : LHP Ed Miller
Batting: RHB Anastasio Zartuche 0-0: Called Strike
0-1: Foul Ball, location: 2F
0-2: Ball
1-2: Ball
2-2: Ball
3-2: Foul Ball, location: 2F
3-2: Base on Balls
Batting: LHB Mauro Díaz 0-0: Called Strike
0-1: Fly out, F7 (Line Drive, 7)
Batting: SHB Luis Manuel López 0-0: Ball
1-0: Ball
2-0: Foul Ball, location: 2F
2-1: Fly out, F9 (Flyball, 9LM)
Batting: LHB Víctor Acevedo 0-0: Fly out, F8 (Flyball, 8RS)
Bottom of the 3rd over - 0 run(s), 0 hit(s), 0 error(s), 1 left on base; Memphis 0 - Key West 0
TOP OF THE 4TH
Memphis Blues batting - Pitching for Key West Barracudas : RHP Kade Coleman
Batting: RHB Dennis Mays 0-0: Foul Ball, location: 2F
0-1: Ball
1-1: SINGLE (Groundball, 15S) (infield hit)
Batting: LHB Weston Chaney 0-0: Called Strike
0-1: Foul Ball, location: 2F
0-2: Ball
1-2: SINGLE (Line Drive, 89S)
Dennis Mays to second
Batting: RHB Peter Bishop 0-0: Called Strike
0-1: Ball
1-1: Ball
2-1: Ball
3-1: Called Strike
3-2: Foul Ball, location: 2F
3-2: SINGLE (Groundball, 56D)
Dennis Mays to third
Weston Chaney to second
Runner from 3rd tries for Home, SAFE, no throw
Batting: LHB Brenton Carter 0-0: Ball
1-0: Ball
2-0: Swinging Strike
2-1: Called Strike
2-2: Ball
3-2: SINGLE (Flyball, 78S)
Weston Chaney to third
Peter Bishop to second
Batting: LHB Nick Gamble 0-0: Called Strike
0-1: Ball
1-1: Ball
2-1: Foul Ball, location: 2F
2-2: Ball
3-2: Strikes out swinging
Batting: RHB Leopoldo Horgan 0-0: Called Strike
0-1: Ball
1-1: Foul Ball, location: 2F
1-2: Fly out, F9 (Flyball, 9LS)
Pitching: RHP Bob Schneider
Batting: SHB José Velásquez 0-0: Called Strike
0-1: Fly out, F9 (Flyball, 89D)
Top of the 4th over - 1 run(s), 4 hit(s), 0 error(s), 3 left on base; Memphis 1 - Key West 0
BOTTOM OF THE 4TH
Key West Barracudas batting - Pitching for Memphis Blues : LHP Ed Miller
Batting: RHB Frederick Chamberlain 0-0: Ball
1-0: Ground out 6-3 (Groundball, 6)
Batting: SHB Héctor Jiménez 0-0: Called Strike
0-1: Swinging Strike
0-2: Ball
1-2: Ball
2-2: Foul Ball, location: 2F
2-2: Foul Ball, location: 2F
2-2: Strikes out swinging
Batting: RHB Ramón Díaz 0-0: Ball
1-0: Called Strike
1-1: Fly out, F7 (Flyball, 7)
Bottom of the 4th over - 0 run(s), 0 hit(s), 0 error(s), 0 left on base; Memphis 1 - Key West 0
TOP OF THE 5TH
Memphis Blues batting - Pitching for Key West Barracudas : RHP Bob Schneider
Batting: RHB Ángel Hernández 0-0: Ball
1-0: Ball
2-0: Foul Ball, location: 2F
2-1: Foul Ball, location: 2F
2-2: Ball
3-2: Ground out 1-3 (Groundball, P)
Batting: SHB Terry Dailey 0-0: Ball
1-0: SINGLE (Line Drive, 78S)
Batting: RHB Dennis Mays 0-0: Called Strike
0-1: Called Strike
0-2: Foul Ball, location: 2F
0-2: Ball
Terry Dailey steals 2nd base
1-2: Ball
Passed Ball!
Terry Dailey to third
2-2: Strikes out swinging
Batting: LHB Weston Chaney 0-0: Called Strike
0-1: Called Strike
0-2: Foul Ball, location: 2F
0-2: Ball
1-2: Ball
Passed Ball!
Terry Dailey scores
2-2: Ball
3-2: Foul Ball, location: 2F
3-2: SINGLE (Line Drive, 89S)
Batting: RHB Peter Bishop 0-0: Foul Ball, location: 2F
0-1: Foul Ball, location: 2F
0-2: SINGLE (Line Drive, 8LS)
Weston Chaney to second
Batting: LHB Brenton Carter 0-0: 3-RUN HOME RUN (Flyball, 9D), Distance : 412 ft
Batting: LHB Nick Gamble 0-0: Called Strike
0-1: Ball
1-1: Ball
2-1: Called Strike
2-2: Foul Ball, location: 2F
2-2: Ball
3-2: Base on Balls
Pitching: RHP Sean Flynn
Batting: RHB Leopoldo Horgan 0-0: Foul Ball, location: 2F
0-1: Foul Ball, location: 2F
0-2: Ball
1-2: Ball
2-2: Foul Ball, location: 2F
2-2: Strikes out swinging
Top of the 5th over - 4 run(s), 4 hit(s), 0 error(s), 1 left on base; Memphis 5 - Key West 0
BOTTOM OF THE 5TH
Key West Barracudas batting - Pitching for Memphis Blues : LHP Ed Miller
Batting: SHB Jacob Knapp 0-0: Foul Ball, location: 2F
0-1: Foul Ball, location: 2F
0-2: Ball
1-2: Foul Ball, location: 2F
1-2: Fly out, F9 (Flyball, 89S)
Batting: SHB Dan Dunn 0-0: Ball
1-0: Swinging Strike
1-1: Hit by Pitch
Batting: RHB Anastasio Zartuche 0-0: Ball
1-0: Fly out, F8 (Line Drive, 78M)
Batting: LHB Mauro Díaz 0-0: Called Strike
0-1: Fielders Choice at 2nd, U6 (Groundball, 6M)
Bottom of the 5th over - 0 run(s), 0 hit(s), 0 error(s), 1 left on base; Memphis 5 - Key West 0
TOP OF THE 6TH
Memphis Blues batting - Pitching for Key West Barracudas : RHP Sean Flynn
Batting: SHB José Velásquez 0-0: Foul Ball, location: 2F
0-1: Ball
1-1: Called Strike
1-2: Ground out 6-3 (Groundball, 6)
Batting: RHB Ángel Hernández 0-0: Ball
1-0: Ball
2-0: Ball
3-0: Base on Balls
Batting: SHB Terry Dailey 0-0: Ball
1-0: Foul Ball, location: 2F
1-1: Ball
2-1: Foul Ball, location: 2F
2-2: Foul Ball, location: 2F
2-2: Ball
3-2: Fly out, F6 (Line Drive, 6M)
Batting: RHB Dennis Mays 0-0: Ball
1-0: Ball
2-0: Ball
3-0: Called Strike
3-1: Foul Ball, location: 2F
3-2: Ground out 5-3 (Groundball, 56S)
Top of the 6th over - 0 run(s), 0 hit(s), 0 error(s), 1 left on base; Memphis 5 - Key West 0
BOTTOM OF THE 6TH
Key West Barracudas batting - Pitching for Memphis Blues : LHP Ed Miller
Batting: SHB Luis Manuel López 0-0: Called Strike
0-1: Ball
1-1: Foul Ball, location: 2F
1-2: Fly out, F4 (Popup, 4)
Batting: LHB Víctor Acevedo 0-0: Swinging Strike
0-1: Fly out, F8 (Flyball, 8LM)
Batting: RHB Frederick Chamberlain 0-0: Ball
1-0: Ball
2-0: Ball
3-0: Called Strike
3-1: Swinging Strike
3-2: Strikes out swinging
Bottom of the 6th over - 0 run(s), 0 hit(s), 0 error(s), 0 left on base; Memphis 5 - Key West 0
TOP OF THE 7TH
Memphis Blues batting - Pitching for Key West Barracudas : RHP Sean Flynn
Batting: LHB Weston Chaney 0-0: SINGLE (Line Drive, 78S)
Batting: RHB Peter Bishop 0-0: Foul Ball, location: 2F
0-1: Ball
1-1: Fielders Choice at 2nd, 5-4 (Groundball, 56)
Batting: LHB Brenton Carter 0-0: Grounds into double play, 4-6-3 (Groundball, 4D)
Top of the 7th over - 0 run(s), 1 hit(s), 0 error(s), 0 left on base; Memphis 5 - Key West 0
BOTTOM OF THE 7TH
Key West Barracudas batting - Pitching for Memphis Blues : LHP Ed Miller
Batting: SHB Héctor Jiménez 0-0: Ball
1-0: Called Strike
1-1: Ball
2-1: Ball
3-1: Called Strike
3-2: Base on Balls
Batting: RHB Ramón Díaz 0-0: DOUBLE (Flyball, 8RD)
Héctor Jiménez to third
Batting: SHB Jacob Knapp 0-0: SINGLE (Flyball, 9LS)
Héctor Jiménez scores
Ramón Díaz to third
Batting: SHB Dan Dunn 0-0: Ball
1-0: Ball
2-0: Grounds into double play, 4-6-3 (Groundball, 4)
Ramón Díaz scores
Batting: RHB Anastasio Zartuche 0-0: Ball
1-0: Ball
2-0: SINGLE (Groundball, 56D)
Batting: LHB Mauro Díaz 0-0: Ball
1-0: Ball
2-0: Called Strike
2-1: Foul Ball, location: 2F
2-2: Foul Ball, location: 2F
2-2: Ball
Anastasio Zartuche is caught stealing 2nd base
Bottom of the 7th over - 2 run(s), 3 hit(s), 0 error(s), 0 left on base; Memphis 5 - Key West 2
TOP OF THE 8TH
Memphis Blues batting - Pitching for Key West Barracudas : RHP Sean Flynn
Batting: LHB Nick Gamble 0-0: Called Strike
0-1: Ball
1-1: Ball
2-1: Foul Ball, location: 2F
2-2: SINGLE (Line Drive, 78S)
Batting: RHB Leopoldo Horgan 0-0: Called Strike
0-1: Sac Bunt - play at first, batter OUT! 1-3
Nick Gamble to second
Batting: SHB José Velásquez 0-0: Intentional Walk
Batting: RHB Ángel Hernández 0-0: Ball
1-0: DOUBLE (Line Drive, 7)
Nick Gamble scores
José Velásquez to third
Runner from 3rd tries for Home, SAFE, no throw
Batting: SHB Terry Dailey 0-0: Ball
1-0: Ball
2-0: Ball
3-0: Called Strike
3-1: Base on Balls
Pitching: RHP Dennis Grange
Batting: RHB Dennis Mays 0-0: Called Strike
0-1: DOUBLE (Line Drive, 9LS)
Ángel Hernández scores
Terry Dailey to third
Batting: LHB Weston Chaney 0-0: Called Strike
0-1: Ball
1-1: Ball
2-1: Ball
3-1: Called Strike
3-2: Base on Balls
Batting: RHB Peter Bishop 0-0: Ball
1-0: SINGLE (Line Drive, 34)
Terry Dailey scores
Dennis Mays to third
Weston Chaney to second
Batting: LHB Brenton Carter 0-0: Called Strike
0-1: Ball
1-1: Foul Ball, location: 2F
1-2: DOUBLE (Flyball, 78D)
Dennis Mays scores
Weston Chaney scores
Peter Bishop to third
Batting: LHB Nick Gamble 0-0: Called Strike
0-1: Foul Ball, location: 2F
0-2: TRIPLE (Flyball, 78D)
Peter Bishop scores
Brenton Carter scores
Pitching: RHP Sean Martínez
Pinch Hitting: LHB Jorge Silva 0-0: Called Strike
0-1: Foul Ball, location: 2F
0-2: Foul Ball, location: 2F
0-2: Foul Ball, location: 2F
0-2: Ball
1-2: Ball
2-2: Ball
3-2: Base on Balls
Batting: SHB José Velásquez 0-0: Called Strike
Jorge Silva steals 2nd base
0-1: Ball
1-1: Ground out 1-3 (Groundball, 15S)
Batting: RHB Ángel Hernández 0-0: Ball
1-0: Ball
2-0: Called Strike
2-1: Foul Ball, location: 2F
2-2: Strikes out swinging
Top of the 8th over - 8 run(s), 6 hit(s), 0 error(s), 2 left on base; Memphis 13 - Key West 2
BOTTOM OF THE 8TH
Key West Barracudas batting - Pitching for Memphis Blues : LHP Ed Miller
Pitching: RHP Ramón Flores
Now at 3B: Ángel López
Batting: LHB Mauro Díaz 0-0: Called Strike
0-1: Ball
1-1: Ball
2-1: Fly out, F7 (Line Drive, 78M)
Batting: SHB Luis Manuel López 0-0: Called Strike
0-1: Ball
1-1: Swinging Strike
1-2: Strikes out swinging
Batting: LHB Víctor Acevedo 0-0: Ball
1-0: Foul Ball, location: 2F
1-1: Ball
2-1: Ball
3-1: Base on Balls
Batting: RHB Frederick Chamberlain 0-0: SINGLE (Line Drive, 89S)
Víctor Acevedo to second
Pinch Hitting: LHB Daniel Byrd 0-0: Called Strike
0-1: Foul Ball, location: 2F
0-2: Ball
1-2: Strikes out swinging
Bottom of the 8th over - 0 run(s), 1 hit(s), 0 error(s), 2 left on base; Memphis 13 - Key West 2
TOP OF THE 9TH
Memphis Blues batting - Pitching for Key West Barracudas : RHP Sean Martínez
Now at 2B: Richard Sanders
Batting: SHB Terry Dailey 0-0: Ball
1-0: Ball
2-0: Foul Ball, location: 2F
2-1: Ground out U3 (Groundball, 3L)
Batting: RHB Dennis Mays 0-0: Called Strike
0-1: Ball
1-1: Foul Ball, location: 2F
1-2: Ground out 6-3 (Groundball, 6MS)
Batting: LHB Weston Chaney 0-0: Called Strike
0-1: Ball
1-1: Swinging Strike
1-2: Ball
2-2: Strikes out swinging
Top of the 9th over - 0 run(s), 0 hit(s), 0 error(s), 0 left on base; Memphis 13 - Key West 2
BOTTOM OF THE 9TH
Key West Barracudas batting - Pitching for Memphis Blues : RHP Ramón Flores
Batting: RHB Ramón Díaz 0-0: Ball
1-0: Called Strike
1-1: Ground out 5-3 (Groundball, 5)
Batting: SHB Jacob Knapp 0-0: Ball
1-0: Ground out 6-3 (Groundball, 6M)
Pinch Hitting: RHB Domingo Hernández 0-0: Ball
1-0: Ground out 5-3 (Groundball, 56)
Bottom of the 9th over - 0 run(s), 0 hit(s), 0 error(s), 0 left on base; Memphis 13 - Key West 2
Tuesday, August 8th, 2017 - OOTP Baseball 17.12 Build 75